 Dungeon Crawl Stone Soup version 0.29-a0-993-g4a18f31a58 (webtiles) character file.

Game seed: 3206636657419460173

58 porpoise the Chopper (level 4, -10/35 HPs)
             Began as a Formicid Gladiator on Aug 3, 2022.
             Killed from afar by Natasha (11 damage)
             ... with a magic dart
             ... on level 2 of the Dungeon.
             The game lasted 00:02:35 (1541 turns).

porpoise the Chopper (Formicid Gladiator)           Turns: 1541, Time: 00:02:35

Health: -10/35     AC:  3    Str: 21    XL:     4   Next: 21%
Magic:  4/4        EV: 13    Int:  7    God:
Gold:   111        SH:  0    Dex: 21    Spells: 3/3 levels left

rFire   . . .      SeeInvis +   a - +0 war axe
rCold   . . .      Faith    .   (no shield)
rNeg    . . .      Spirit   .   b - +0 leather armour
rPois   .          Reflect  .   (helmet unavailable)
rElec   .          Harm     .   (no cloak)
rCorr   .          Rampage  .   (no gloves)
Will    .....                   (no boots)
Stlth   ++........              (no amulet)
HPRegen 0.11/turn               j - +6 ring of dexterity
MPRegen 0.09/turn               (no ring)

@: no status effects
A: permanent stasis, dig shafts and tunnels, antennae 3, four strong arms
a: Dig, Shaft Self


You were on level 2 of the Dungeon.
You visited 1 branch of the dungeon, and saw 2 of its levels.

You collected 111 gold pieces.

Inventory:

Hand Weapons
 a - a +0 war axe (weapon)
Missiles
 c - 3 throwing nets (quivered)
 d - a javelin
Armour
 b - a +0 leather armour (worn)
Jewellery
 j - a +6 ring of dexterity (left hand)
Scrolls
 g - a scroll of butterflies {unknown}
 k - a scroll of poison {unknown}
 l - a scroll of vulnerability {unknown}
 m - a scroll of amnesia {unknown}
Potions
 e - 2 potions of mutation {unknown}
 f - a potion of lignification {unknown}
 h - a potion of brilliance {unknown}
 i - a potion of cancellation {unknown}


   Skills:
 + Level 3.2 Fighting
 * Level 4.2 Axes
 - Level 2.0 Throwing
 - Level 2.6 Dodging


You had 3 spell levels left.
You didn't know any spells.
Your spell library was empty.

Dungeon Overview and Level Annotations

Branches:
Dungeon (2/15)

Altars:

Annotations:
D:2 Natasha


Innate Abilities, Weirdness & Mutations

You cannot be hasted, slowed, berserked, paralysed or teleported.
You can dig through walls and to a lower floor.
You have a pair of large antennae on your head. (SInv)
Your four strong arms can wield two-handed weapons with a shield.


Message History

Natasha is severely wounded.
Natasha claws you.
You completely miss Natasha.
Natasha is severely wounded.
Natasha claws you! Natasha closely misses you.
You hit Natasha but do no damage.
Natasha is severely wounded.
Natasha completely misses you.
You barely miss Natasha.
Natasha is severely wounded.
Natasha claws you.
You closely miss Natasha.
Natasha is severely wounded.
Natasha closely misses you.
You closely miss Natasha.
Natasha is severely wounded.
Natasha misses you. Natasha closely misses you.
You hit Natasha.
Natasha is severely wounded.
Natasha barely misses you.
You hit Natasha.
Natasha is almost dead.
Natasha casts a spell at you. You resist with some effort.
You barely miss Natasha.
Natasha is almost dead.
Natasha misses you. Natasha claws you!
* * * LOW HITPOINT WARNING * * *
You closely miss Natasha.
Natasha is almost dead.
Natasha barely misses you.
You barely miss Natasha.
Natasha is almost dead.
Natasha claws you!
* * * LOW HITPOINT WARNING * * *
You barely miss Natasha.
Natasha is almost dead.
Natasha casts a spell at you. The magic dart hits you!
You die...

#..##......#
#.........# .####
###.......#
....########......#
#.......# #......#
#.$.....# #......#
#.....(.###......#.
#...h..:............
#....@..###..........
#.[.....# #######....
#.......# #...
######### #..


You could see Natasha.

Vanquished Creatures
  Jessica (D:2)
  2 adders (D:2)
  A dart slug (D:2)
  2 endoplasms (D:1)
  A giant cockroach (D:2)
  5 ball pythons
  A frilled lizard (D:1)
  A kobold (D:1)
  A rat (D:1)
  A spectral goblin (D:1)
16 creatures vanquished.

Notes
Turn   | Place    | Note
-------+----------+-------------------------------------------
     0 | D:1      | porpoise the Formicid Gladiator began the quest for the
                  | Orb.
     0 | D:1      | Reached XP level 1. HP: 16/16 MP: 1/1
   338 | D:1      | Found a faded altar of an unknown god.
   754 | D:1      | Reached XP level 2. HP: 18/23 MP: 2/2
  1103 | D:2      | HP: 1/23 [poisoned by an adder]
  1105 | D:2      | Reached XP level 3. HP: 1/28 MP: 3/3
  1468 | D:2      | Noticed Jessica
  1472 | D:2      | Killed Jessica
  1473 | D:2      | Reached skill level 4 in Axes
  1473 | D:2      | Reached XP level 4. HP: 35/35 MP: 4/4
  1522 | D:2      | Noticed Natasha
  1540 | D:2      | HP: 1/35 [Natasha (8)]
  1541 | D:2      | Killed from afar by Natasha

Illustrated notes

Levels and vault maps discovered:
D:1:      shiori_arrival_elements, layout_loops_ring,
          dreamdust_ecumenical_altar_drowned_temple, nrook_loot_triangle
D:2:      minmay_inner_zag, layout_rooms, uniq_jessica, uniq_natasha

Skill      XL: |  1  2  3 |
---------------+----------+-----
Fighting       | 3 |  3.2
Axes           | 4 |  4.2
Throwing       | |  2.0
Dodging        | |  2.6

Action                   |  1- 3 |  4- 6 || total
-------------------------+-------+-------++-------
Melee: War axe           |    41 |    17 ||    58
       Punch             |       |     1 ||     1
 Stab: Sleeping          |     3 |       ||     3
Armor: Leather armour    |    11 |     1 ||    12
Dodge: Dodged            |    25 |    13 ||    38

Table legend: (Time is in decaauts)
 A = Elapsed time spent in this place.
 B = Non-inter-level travel time spent in this place.
 C = Inter-level travel time spent in this place.
 D = Time resting spent in this place.
 E = Time spent auto-exploring this place.
 F = Levels seen in this place.
 G = Mean time per level.
                   A        B        C        D        E       F      G
               +--------+--------+--------+--------+--------+-----+--------+
         Total |   1569 |   1529 |     40 |    656 |    668 |   2 |  784.5 |
       Dungeon |   1569 |   1529 |     40 |    656 |    668 |   2 |  784.5 |
               +--------+--------+--------+--------+--------+-----+--------+

Top non-repeatable levels by time:
     D:1: 1060 daAuts
     D:2: 509 daAuts
